 Dungeon Crawl Stone Soup version 0.29-a0-789-g7a8fcbc185 (webtiles) character file.

Game seed: 14869551436265947351

127 Sabo the Chopper (level 5, -1/47 HPs)
             Began as a Hill Orc Fighter on July 2, 2022.
             Slain by an orc
             ... wielding a +0 hand axe
              (3 damage)
             ... on level 3 of the Dungeon.
             The game lasted 00:11:58 (2509 turns).

Sabo the Chopper (Hill Orc Fighter)                 Turns: 2509, Time: 00:11:59

Health: -1/47      AC:  7    Str: 21    XL:     5   Next: 11%
Magic:  5/5        EV:  9    Int:  8    God:
Gold:   155        SH:  4    Dex: 10    Spells: 4/4 levels left

rFire   . . .      SeeInvis .   a - +0 war axe
rCold   . . .      Faith    .   c - +0 buckler
rNeg    . . .      Spirit   .   b - +0 scale mail
rPois   .          Reflect  .   (no helmet)
rElec   .          Harm     .   (no cloak)
rCorr   .          Rampage  .   (no gloves)
Will    .....                   (no boots)
Stlth   ..........              (no amulet)
HPRegen 0.15/turn               (no ring)
MPRegen 0.09/turn               (no ring)

@: lethally poisoned (-1 -> -18)
A: no striking features
a: Convert to Beogh


You were on level 3 of the Dungeon.
You visited 1 branch of the dungeon, and saw 3 of its levels.

You collected 155 gold pieces.

Inventory:

Hand Weapons
 a - a +0 war axe (weapon)
Missiles
 k - a throwing net (quivered)
 v - a boomerang
Armour
 b - a +0 scale mail (worn)
 c - a +0 buckler (worn)
Wands
 t - a wand of polymorph (2)
 u - a wand of mindburst (13)
Scrolls
 h - a scroll of silence
 j - 2 scrolls of magic mapping
 n - a scroll of poison
 o - 2 scrolls of blinking {unknown}
 p - a scroll of noise {unknown}
 r - a scroll of fear {unknown}
Potions
 d - 3 potions of might
 f - a potion of lignification {unknown}
 g - a potion of ambrosia {unknown}
 i - a potion of degeneration {unknown}
 l - a potion of magic {unknown}
 m - a potion of mutation {unknown}
 q - a potion of brilliance {unknown}
 s - a potion of haste {unknown}


   Skills:
 + Level 4.4 Fighting
 + Level 4.9 Axes
 + Level 3.9 Armour
 + Level 0.4 Dodging
 + Level 3.9 Shields


You had 4 spell levels left.
You didn't know any spells.
Your spell library was empty.

Dungeon Overview and Level Annotations

Branches:
Dungeon (3/15)

Altars:
Makhleb
Ru
Vehumet


Message History

You feel very sick.
You hear some strange, mumbled words.
Something tries to affect you, but you resist.
The orc closely misses you.
The orc priest splashes around in the water.
The orc barely misses you.
It was a potion of curing.
You feel better. Something hits you.
* * * LOW HITPOINT WARNING * * *
You are lethally poisoned!
The orc hits you but does no damage.
The orc priest splashes around in the water.
The orc hits you with a +0 mace!
* * * LOW HITPOINT WARNING * * *
The orc priest threatens, "By the altar or by the axe, you will meet Beogh!"
You feel better. Something completely misses you. You block the orc's attack.
The orc hits you but does no damage.
The orc priest calls upon Beogh to heal the orc.
You miss something. You barely miss the orc.
You hit the orc priest but do no damage.
You hit the orc but do no damage. Something hits you but does no damage.
You are poisoned.
You block the orc's attack. The orc hits you but does no damage.
The orc priest calls down the wrath of Beogh upon you.
You barely resist. Something hits you but does no damage.
You are lethally poisoned!
You barely miss something. You barely miss the orc.
The orc priest threatens, "By the altar or by the axe, you will meet Beogh!"
You hit the orc priest. You completely miss the orc.
* * * LOW HITPOINT WARNING * * *
You feel very sick. The orc hits you with a +0 hand axe.
* * * LOW HITPOINT WARNING * * *
The orc priest calls down the wrath of Beogh upon you.
You barely resist. You block the orc's attack.
Something hits you but does no damage.
You are more poisoned.
The orc hits you with a +0 mace.
* * * LOW HITPOINT WARNING * * *
The orc hits you with a +0 hand axe.
You die...

#### ########... ..#
...#.....# ..#
##.#....# ## ..#
#.#...#####8## ..##
#.#...#...#_≈≈##..#
#.#......##..≈≈##.#
#)#....####...o≈#.##
#.....## #8_..{@'..#
#......####.:.oo#..#
#...#....##..≈≈##..#
#
#...#.#...#_≈≈##...#
'
#...#.#####8###....#
' #...#..##
####.....# #
#...##..####...#...#
#...##........##...#
#...##.#########...#


You could see an orc priest and 2 orcs.

Vanquished Creatures
  An orc wizard (D:3)
  An adder (D:2)
  A white imp (D:3)
  2 worms
  2 dart slugs (D:2)
  3 orcs (D:3)
  5 bats
  6 endoplasms
  6 giant cockroaches
  6 goblins
  9 hobgoblins
  5 jackals (D:3)
  2 kobolds
  2 quokkas (D:1)
  5 ball pythons
  2 frilled lizards
  7 rats
65 creatures vanquished.

Notes
Turn   | Place    | Note
-------+----------+-------------------------------------------
     0 | D:1      | Sabo the Hill Orc Fighter began the quest for the Orb.
     0 | D:1      | Reached XP level 1. HP: 19/19 MP: 1/1
    98 | D:1      | Reached XP level 2. HP: 25/27 MP: 2/2
   748 | D:1      | Reached XP level 3. HP: 27/33 MP: 3/3
  1493 | D:2      | Reached XP level 4. HP: 40/40 MP: 4/4
  2162 | D:3      | Reached XP level 5. HP: 26/47 MP: 5/5
  2495 | D:3      | Found a burning altar of Makhleb.
  2495 | D:3      | Found a sacrificial altar of Ru.
  2495 | D:3      | Found a radiant altar of Vehumet.
  2506 | D:3      | HP: 2/47 [orc/+0 mace (7)]
  2509 | D:3      | Slain by an orc

Illustrated notes

Levels and vault maps discovered:
D:1:      dpeg_arrival_simpleton_c, layout_basic
D:2:      layout_loops_ring
D:3:      kennysheep_big_flooded_room, layout_basic,
          gammafunk_temple_overflow_claw, hangedman_abyss_or_decor_stabs

Skill      XL: |  1  2  3 |
---------------+----------+-----
Fighting       | 4 |  4.4
Axes           | 3 4 |  4.9
Armour         | |  3.9
Dodging        | |  0.4
Shields        | |  3.9

Action                   |  1- 3 |  4- 6 || total
-------------------------+-------+-------++-------
Melee: War axe           |    95 |    65 ||   160
  Use: Scroll            |     4 |     1 ||     5
       Potion            |       |     2 ||     2
Armor: Scale mail        |    62 |    43 ||   105
Dodge: Dodged            |    54 |    27 ||    81
Block: Buckler           |    27 |    16 ||    43

Table legend: (Time is in decaauts)
 A = Elapsed time spent in this place.
 B = Non-inter-level travel time spent in this place.
 C = Inter-level travel time spent in this place.
 D = Time resting spent in this place.
 E = Time spent auto-exploring this place.
 F = Levels seen in this place.
 G = Mean time per level.
                   A        B        C        D        E       F      G
               +--------+--------+--------+--------+--------+-----+--------+
         Total |   2566 |   2566 |      0 |    459 |      0 |   3 |  855.3 |
       Dungeon |   2566 |   2566 |      0 |    459 |      0 |   3 |  855.3 |
               +--------+--------+--------+--------+--------+-----+--------+

Top non-repeatable levels by time:
     D:3: 902 daAuts
     D:1: 872 daAuts
     D:2: 792 daAuts
